AoeStats
← poruba15

Nomad

510171596Analyzed
2v2 RM · 1d ago on Sep 29, 2026· 59m 28s· 4 players
Game mode
Random Map
Map size
176×176
Population
200
Speed
Normal
Resources
Standard
Victory
Conquest
Starting age
Dark Age
Ending age
Imperial Age
RankedLock teamsTeams togetherTeam positionsShared explorationLock speedFull tech treeHidden civsTurbo modeCheats
Victory
Defeat
🇹🇼 Britons · Taiwan
899
+14
🇨🇿 Teutons · Czechia
883
+14
859
-14
🇹🇷 Huns · Türkiye
842
-14
Bobby Brad Phill Johnson Mcguire
13:23 Feudal Age
15:39 Double-Bit Axe
17:30 Fishing Lines
22:20 Castle Age
20:45 Stone Mining
21:11 Horse Collar
21:54 Gold Mining
23:13 Bow Saw
24:35 Stone Shaft Mining
24:19 Heavy Plow
25:30 Wheelbarrow
26:45 Caravan
28:40 Hand Cart
33:22 Imperial Age
30:28 Pikeman
31:48 Squires
31:59 Scale Mail Armor
34:17 Town Watch
36:33 Town Patrol
36:08 Cavalier
36:49 Husbandry
38:10 Two-Man Saw
38:13 Paladin
40:27 Onager
41:20 Halberdier
44:28 Ballistics
49:36 Chemistry
50:53 Murder Holes
51:42 Elite Conquistador
53:09 Masonry
54:27 Chain Mail Armor
54:24 Forging
54:21 Scale Barding Armor
56:13 Plate Mail Armor
56:20 Iron Casting
58:25 Blast Furnace
57:49 Elite Cannon Galleon
NOK
10:21 Loom
13:40 Feudal Age
18:48 Castle Age
18:33 Double-Bit Axe
20:15 Bow Saw
23:17 Gold Mining
25:56 Horse Collar
27:22 Heavy Plow
32:48 Imperial Age
31:47 Scale Mail Armor
31:48 Padded Archer Armor
32:57 Murder Holes
32:32 Elite Skirmisher
37:31 Scale Barding Armor
37:45 Cavalier
42:51 Chain Mail Armor
48:08 Chain Barding Armor
48:56 Wheelbarrow
51:39 Conscription
51:49 Husbandry
55:12 Paladin
Longoooooo
15:00 Feudal Age
21:27 Castle Age
21:54 Wheelbarrow
21:05 Town Watch
22:44 Double-Bit Axe
23:10 Fletching
26:10 Horse Collar
30:32 Bodkin Arrow
34:04 Elite Skirmisher
38:45 Imperial Age
37:15 Heavy Plow
37:39 Pikeman
40:44 Bracer
42:38 Halberdier
45:01 Yeomen
50:25 Chemistry
53:10 Padded Archer Armor
53:31 Hand Cart
53:17 Town Patrol
55:36 Light Cavalry
57:52 Bow Saw
59:11 Forging
poruba15
7:18 Loom
8:27 Loom
9:59 Loom
17:39 Feudal Age
15:56 Loom
17:44 Feudal Age
20:25 Double-Bit Axe
23:01 Castle Age
22:05 Fletching
22:29 Stone Mining
23:33 Wheelbarrow
23:15 Pikeman
25:43 Hand Cart
27:32 Bodkin Arrow
32:54 Imperial Age
32:01 Gold Mining
32:19 Town Watch
34:17 Town Patrol
34:44 Bow Saw
38:49 Fishing Lines
43:40 Gillnets
45:44 Cavalier
46:35 Bloodlines
47:32 Conscription
47:46 Scale Mail Armor
47:52 Scale Barding Armor
47:47 Padded Archer Armor
47:58 Forging
47:30 Paladin
48:46 Chain Mail Armor
56:13 Plate Mail Armor
56:18 Iron Casting
57:23 Leather Archer Armor
60:57 Blast Furnace
Connection lost

Rejoining the realm…

Still unreachable

The connection could not be restored.

Session expired

The server has moved on; the page needs a fresh start.